 Dungeon Crawl Stone Soup version 0.16-a0-3940-gf8a207b (webtiles) character file.

16 Johnny the Ogre Mage (level 2, 0/28 HPs)
             Began as an Ogre Wizard on Feb 7, 2015.
             Slain by a hobgoblin
             ... wielding a +0 club
              (7 damage)
             ... on level 1 of the Dungeon.
             The game lasted 00:00:56 (538 turns).

Johnny the Ogre Mage (Ogre Wizard)                   Turns: 538, Time: 00:00:56

Health: 0/28       AC:  6    Str: 11    XL:     2   Next: 54%
Magic:  4/6        EV: 10    Int: 17    God:
Gold:   70         SH:  0    Dex:  8    Spells: 3 memorised, 3 levels left

rFire  . . .     SeeInvis .     f - +0 short sword
rCold  . . .     Clarity  .     a - +0 robe
rNeg   . . .     SustAb   .     (shield restricted)
rPois  .         Gourm    .     b - +0 hat
rElec  .         Spirit   .     h - +2 cloak
rCorr  .         Warding  .     (gloves unavailable)
rMut   .         Stasis   .     (boots unavailable)
MR     .....                    (no amulet)
Stlth  +.........               (no ring)
                                (no ring)

@: not resistant to hostile enchantments, very unstealthy
A: unfitting armour, tough skin 1
a: no special abilities


You were on level 1 of the Dungeon.
You were not hungry.

You visited 1 branch of the dungeon, and saw 1 of its levels.

You collected 70 gold pieces.

Inventory:

Hand weapons
 f - a +0 short sword (weapon)
Armour
 a - a +0 robe (worn)
 b - a +0 hat (worn)
 h - a +2 cloak (worn)
Scrolls
 e - a scroll of fog {unknown}
 g - a scroll of magic mapping {unknown}
 j - a scroll of remove curse {unknown}
 m - a scroll of random uselessness {unknown}
 o - a scroll of immolation {unknown}
 p - a scroll of noise {unknown}
Potions
 i - a potion of lignification {unknown}
 k - 3 potions of curing {unknown}
Books
 c - a book of Minor Magic

   Spells                             Type                      Level
   a - Magic Dart                     Conjuration                  1
   b - Blink                          Translocation                2
   c - Call Imp                       Summoning                    2
   d - Repel Missiles                 Charms/Air                   2
   e - Slow                           Hexes                        2
   f - Conjure Flame                  Conjuration/Fire             3
   g - Mephitic Cloud                 Conjuration/Poison/Air       3
Comestibles
 d - a meat ration
 l - a royal jelly
 n - a bread ration


   Skills:
 * Level 1.6 Fighting
 + Level 0.2 Armour
 * Level 2.2 Dodging
 - Level 1.5 Stealth
 - Level 3.6 Spellcasting
 - Level 0.6 Conjurations
 - Level 0.6 Summonings
 - Level 0.6 Translocations


You had 3 spell levels left.
You knew the following spells:

 Your Spells              Type           Power        Failure   Level  Hunger
a - Magic Dart            Conj           #...         14%         1    None
b - Call Imp              Summ           #.......     21%         2    ##.....
c - Blink                 Tloc           N/A          21%         2    ##.....


Dungeon Overview and Level Annotations

Branches:
Dungeon (1/15)

Altars:


Innate Abilities, Weirdness & Mutations

You are too large for most types of armour.
You have tough skin (AC +1).


Message History

A jackal comes into view.
You barely miss the jackal.
The jackal barks!
The jackal misses you. The hobgoblin hits you with a club.
You closely miss the jackal. The jackal closely misses you.
The hobgoblin closely misses you.
The jackal bites you but does no damage.
You closely miss the jackal. The jackal barely misses you.
The hobgoblin hits you with a club.
* * * LOW HITPOINT WARNING * * *
There are monsters nearby!
There are monsters nearby!
Unknown command.
Casting: Magic Dart
Confirm with . or Enter, or press ? or * to list all spells.
A beastly little devil appears in a puff of frigid air.
The hobgoblin hits you but does no damage.
Unknown command.
The hobgoblin hits you with a club!
You die...

#### ###...
...> .....
....# #...
... ##..###.#
##..gh5..# ##
#....@#.## ..
#.#......##.#
#..#..†...#
##
##.#.##.#.#
.########
#..###)# #
........#
#......##
.####...#
######..# ##
#.#.# ##.##
#...# #...#


You could see a jackal, a hobgoblin and a friendly white imp.

Vanquished Creatures
  An ooze (D:1)
  5 goblins (D:1)
  A hobgoblin (D:1)
  2 kobolds (D:1)
  2 bats (D:1)
  A giant newt (D:1)
  A jackal (D:1)
  3 rats (D:1)
16 creatures vanquished.

Notes
Turn   | Place    | Note
--------------------------------------------------------------
     0 | D:1      | Johnny, the Ogre Wizard, began the quest for the Orb.
     0 | D:1      | Reached XP level 1. HP: 16/16 MP: 4/4
     2 | D:1      | Noticed a felid
     4 | D:1      | Noticed an elf
     4 | D:1      | Noticed an ogre
     6 | D:1      | Noticed a tengu
     8 | D:1      | Noticed a minotaur
    10 | D:1      | Noticed a gargoyle
    10 | D:1      | Noticed a ghoul
    12 | D:1      | Noticed a troll
    12 | D:1      | Noticed a demonspawn
    14 | D:1      | Noticed a demigod
    14 | D:1      | Noticed a merfolk
    16 | D:1      | Noticed a dwarf
    16 | D:1      | Noticed a spriggan
    18 | D:1      | Noticed a naga
    18 | D:1      | Noticed a vine stalker
    20 | D:1      | Noticed a human
    20 | D:1      | Noticed a vampire
    22 | D:1      | Noticed a draconian
    24 | D:1      | Noticed a formicid
    24 | D:1      | Noticed an octopode
    26 | D:1      | Noticed a centaur
   122 | D:1      | Reached skill level 1 in Fighting
   281 | D:1      | Reached XP level 2. HP: 22/27 MP: 6/6
   381 | D:1      | Learned a level 2 spell: Call Imp
   384 | D:1      | Learned a level 2 spell: Blink
   538 | D:1      | Slain by a hobgoblin

Action                   || total
-------------------------++-------
Melee: Short sword       ||    55
       Unarmed           ||     2
 Cast: Magic Dart        ||     8
       Call Imp          ||     1
